Map: Catalyst LE

Players

Serral - Winner!

  • Race: Zerg Zerg
  • Spawn Location: 11:00

MaNa

  • Race: Protoss Protoss
  • Spawn Location: 5:00

Event: WCS Valencia 2018

VOD

Have the link to the VOD?

Description

Time

  • Played on: July 12, 2018, 1:28 p.m.
  • Length: 8:32

All games in this series

Show
View Real Time Build Order
Export as new Build Order

Serral Zerg - Winner!

Build Orders: Hatch First 

Get SALT Encoding   

  12  0:00  Drone  
  13  0:12  Overlord  
  13  0:17  Drone  
  14  0:30  Drone  
  14  0:31  Drone  
  16  0:48  Hatchery  
  15  0:52  Drone  
  15  0:55  Drone  
  17  0:59  Drone  
  18  1:10  Extractor  
  17  1:14  Spawning Pool  
  17  1:17  Drone  
  17  1:21  Drone  
  18  1:29  Drone  
  19  1:39  Drone  
  20  1:49  Overlord  
  20  2:01  Queen x2  
  20  2:02  Zergling x2  
  20  2:03  Drone  
  26  2:11  Drone x2  
  26  2:13  Metabolic Boost  
  28  2:22  Drone x2  
  30  2:32  Drone  
  30  2:33  Drone  
  32  2:41  Hatchery  
  32  2:43  Zergling x2  
  32  2:47  Overlord  
  32  2:52  Queen  
  32  2:56  Zergling x2  
  35  2:58  Zergling x2  
  35  3:05  Zergling x2  
  37  3:06  Zergling x2  
  37  3:11  Drone x3  
  41  3:14  Overlord  
  41  3:15  Zergling x2  
  41  3:16  Drone  
  41  3:19  Drone  
  43  3:27  Overlord  
  43  3:29  Queen  
  43  3:31  Drone  
  43  3:32  Drone  
  44  3:42  Drone  
  44  3:43  Drone  
  44  3:44  Drone  
  44  3:45  Drone  
  44  3:46  Drone  
  49  3:51  Drone  
  50  3:58  Spore Crawler  
  48  4:03  Drone x2  
  48  4:04  Drone x2  
  48  4:06  Queen  
  54  4:10  Spore Crawler, Drone x2  
  54  4:14  Queen  
  56  4:21  Lair  
  56  4:23  Drone  
  56  4:24  Extractor, Drone  
  56  4:26  Extractor, Drone  
  56  4:28  Drone  
  56  4:31  Overlord  
  58  4:35  Overlord  
  58  4:37  Overlord  
  57  4:39  Overlord  
  57  4:45  Drone  
  58  4:48  Overlord  
  58  4:50  Drone x3  
  58  4:51  Drone x2  
  63  4:56  Queen  
  63  4:57  Drone  
  66  5:01  Drone x2  
  66  5:04  Drone x2  
  69  5:10  Spore Crawler  
  69  5:11  Drone  
  69  5:12  Drone  
  69  5:13  Spore Crawler  
  69  5:14  Drone  
  70  5:17  Drone x2  
  70  5:18  Drone  
  70  5:20  Drone  
  73  5:23  Overseer  
  73  5:24  Drone x2  
  73  5:27  Queen  
  77  5:29  Drone  
  77  5:30  Drone  
  77  5:32  Extractor  
  77  5:35  Evolution Chamber  
  77  5:37  Overlord  
  77  5:38  Drone x3  
  77  5:41  Drone x2  
  82  5:43  Overlord  
  82  5:44  Drone  
  82  5:46  Extractor  
  82  5:49  Extractor, Drone x3  
  84  5:55  Overlord  
  84  5:56  Drone x2  
  86  5:57  Hydralisk Den  
  86  6:00  Spore Crawler  
  86  6:01  Drone x3  
  87  6:05  Zerg Missile Weapons Level 1  
  87  6:07  Spore Crawler  
  87  6:09  Queen  
  88  6:12  Overlord  
  88  6:13  Overlord  
  88  6:26  Muscular Augments  
  88  6:27  Hatchery  
  87  6:32  Hydralisk  
  87  6:33  Hydralisk x4  
  87  6:36  Hydralisk  
  99  6:41  Hydralisk x3  
  99  6:45  Overlord  
  105  6:47  Hydralisk x2  
  109  6:58  Hydralisk x3  
  109  6:59  Hydralisk x2  
  119  7:03  Spore Crawler  
  119  7:07  Hydralisk x3  
  124  7:18  Overlord x2  
  124  7:23  Hydralisk x6  
  124  7:26  Overseer  
  124  7:28  Overlord  
  136  7:31  Overlord  
  136  7:39  Hydralisk x3  
  142  7:47  Overlord, Hydralisk x3  
  148  7:57  Hydralisk x4  
  148  7:58  Hydralisk  
Show
View Real Time Build Order
Export as new Build Order

MaNa Protoss 

Build Orders: 1 Gate Expand, Oracle Opening, Phoenix Opening 

Get SALT Encoding   

  12  0:00  Probe  
  13  0:12  Probe  
  14  0:19  Pylon  
  14  0:24  Probe  
  15  0:33  Probe  
  15  0:38  Assimilator  
  15  0:41  Probe  
  16  0:48  Gateway  
  17  0:52  Probe  
  18  1:00  Probe  
  19  1:08  Probe  
  20  1:27  Nexus  
  20  1:35  Cybernetics Core  
  20  1:38  Probe  
  21  1:44  Assimilator  
  21  1:50  Probe  
  22  1:55  Pylon  
  22  2:02  Probe  
  22  2:04  Adept  
  23  2:13  Warp Gate  
  23  2:14  Probe  
  26  2:24  Adept, Stargate  
  26  2:27  Probe  
  29  2:39  Probe x2  
  31  2:47  Adept  
  31  2:51  Probe x2  
  35  3:03  Probe x2  
  37  3:10  Phoenix  
  37  3:12  Probe  
  38  3:15  Probe  
  39  3:20  Probe  
  40  3:28  Probe  
  40  3:33  Oracle  
  40  3:36  Probe  
  40  3:40  Assimilator, Probe  
  41  3:42  Assimilator  
  41  3:46  Gateway  
  41  3:48  Probe  
  41  3:53  Stargate, Probe  
  43  4:00  Pylon  
  43  4:02  Probe  
  44  4:08  Probe  
  43  4:14  Probe  
  43  4:16  Adept  
  46  4:26  Pylon  
  46  4:27  Probe  
  46  4:35  Pylon  
  46  4:44  Oracle x2, Probe x2  
  54  4:47  Pylon  
  54  4:48  Pylon  
  54  5:00  Probe  
  54  5:03  Probe  
  54  5:08  Nexus  
  54  5:10  Adept  
  54  5:12  Probe  
  54  5:13  Adept  
  59  5:15  Probe  
  59  5:16  Oracle  
  59  5:18  Oracle  
  60  5:24  Probe  
  67  5:33  Pylon  
  67  5:34  Probe  
  68  5:36  Probe  
  69  5:45  Oracle  
  69  5:46  Oracle  
  69  5:47  Probe  
  69  5:49  Forge  
  76  6:00  Probe  
  76  6:01  Probe  
  78  6:07  Pylon  
  78  6:10  Fleet Beacon  
  78  6:17  Pylon  
  78  6:26  Protoss Air Weapons Level 1  
  78  6:27  Probe x3  
  78  6:31  Shield Battery  
  81  6:34  Carrier, Stalker  
  81  6:35  Protoss Ground Weapons Level 1  
  81  6:39  Probe x3  
  86  6:40  Carrier  
  86  6:51  Probe  
  99  7:02  Assimilator  
  99  7:04  Probe, Assimilator  
  99  7:05  Probe  
  99  7:06  Probe  
  99  7:18  Sentry  
  99  7:19  Sentry  
  99  7:20  Photon Cannon  
  99  7:21  Photon Cannon  
  103  7:23  Photon Cannon  
  103  7:26  Shield Battery  
  103  7:29  Shield Battery  
  105  7:35  Photon Cannon x2  
  103  7:44  Adept  
  103  7:45  Adept  
  107  8:02  Photon Cannon, Shield Battery  
  107  8:05  Pylon  
  107  8:06  Pylon  
  109  8:22  Zealot x2  
Tags
 
Add a new tag
Caveats
  • Supply blocks, unpowered buildings, or Contaminate may cause inaccurate times.
  • Supply counts are checked every 10 seconds.